Icehogs vs Punishers
Created - March 10, 2025 at 00:05
Goals
|
| Icehogs |
0 |
2 |
1 |
3 |
| Punishers |
1 |
1 |
2 |
4 |
|
Shots
|
| Icehogs |
15 |
8 |
11 |
34 |
| Punishers |
9 |
9 |
9 |
27 |
|
1st period
1. Punishers , Karson Kuhlman 19 (Oskar Lindblom 34, Kurtis Gabriel 29) at 15:23
Penalties :
No Penalty
2nd period
2. Icehogs , Ben Johnson 16 (Patrick Sieloff 39, Hudson Fasching 50) at 6:10
3. Icehogs , JJ. Piccinich 11 (Ben Johnson 17) at 8:37
4. Punishers , Joel Kiviranta 12 (Niko Mikkola 22) at 13:46
Penalties :
Karson Kuhlman (Pro) for Delaying the game (Minor) at 6:23, Kole Lind (Pro) for High sticking (Minor) at 9:17
3rd period
5. Icehogs , Dillon Dube 26 (Hudson Fasching 51) at 2:31 (PP)
6. Punishers , Joel Kiviranta 13 (Noah Juulsen 10, Ben Betker 20) at 4:52
7. Punishers , Warren Foegele 9 (Kole Lind 34, Noah Juulsen 11) at 9:40
Penalties :
Kurtis Gabriel (Pro) for Delaying the game (Minor) at 2:17, Patrick Sieloff (Roc) for Hooking (Minor) at 9:47, Mitchell Chaffee (Roc) for High sticking (Minor) at 18:09
Goalie Stats
Mackenzie Blackwood (Roc), 23 saves from 27 shots - (0.852), L, 22-16-3, 60:00 minutes
Antoine Bibeau (Pro), 31 saves from 34 shots - (0.912), W, 16-11-5, 60:00 minutes
Players Stats for Icehogs
Player Name G A P +/- PIM S H SB GA TA FO MP PP MP PK MP
------------------------------------------------------------------------------------
Andrew Poturalski 0 0 0 -1 0 2 0 0 1 0 7/11 16:15 1:51 0:33
Ben Johnson 1 1 2 1 0 4 0 1 0 0 3/4 11:24 0:00 0:21
Calle Andersson 0 0 0 0 0 0 0 0 0 0 0/0 20:44 1:57 1:54
Declan Chisholm 0 0 0 -1 0 0 0 1 0 0 0/0 13:12 0:00 0:18
Dillon Dube 1 0 1 -1 0 4 2 0 0 0 18/32 22:05 2:21 2:00
Gabriel Fortier 0 0 0 -1 0 1 0 0 1 0 0/0 8:58 0:00 0:00
Hudson Fasching 0 2 2 -1 0 3 1 0 2 0 1/1 20:34 2:21 0:00
Jeremy Davies 0 0 0 0 0 1 0 2 0 0 0/0 19:38 1:57 1:09
JJ. Piccinich 1 0 1 1 0 2 1 0 0 0 0/0 10:59 0:00 0:00
Julius Honka 0 0 0 -1 0 2 3 1 0 1 0/0 26:53 2:15 2:22
Maxim Letunov 0 0 0 -1 0 3 0 0 1 0 1/3 8:58 0:00 0:00
Mikhail Grigorenko 0 0 0 -1 0 4 3 0 3 0 3/3 18:11 2:21 1:58
Mitchell Chaffee 0 0 0 -1 2 1 1 0 0 0 0/0 8:57 0:00 0:00
Nikita Scherbak 0 0 0 -1 0 2 1 0 0 0 0/0 16:56 1:51 1:00
Patrick Sieloff 0 1 1 -1 2 2 1 4 0 1 0/0 26:04 2:15 1:08
Ross Johnston 0 0 0 1 0 1 1 0 0 0 0/0 11:33 0:00 0:19
Trevor Zegras 0 0 0 -1 0 2 0 1 0 0 0/0 21:13 1:51 1:27
Zach Whitecloud 0 0 0 -1 0 0 0 1 0 1 0/0 13:35 0:00 0:47
Players Stats for Punishers
Player Name G A P +/- PIM S H SB GA TA FO MP PP MP PK MP
------------------------------------------------------------------------------------
Adam Ruzicka 0 0 0 1 0 3 3 1 0 0 3/8 18:41 1:40 0:49
Ben Betker 0 1 1 3 0 0 1 1 0 1 0/0 24:48 2:36 2:17
Ben Meyers 0 0 0 2 0 0 1 0 1 2 1/2 13:15 0:00 0:00
Braden Tracey 0 0 0 0 0 0 0 0 0 0 0/0 6:37 0:00 0:00
Jack Ahcan 0 0 0 -1 0 0 1 0 0 1 0/0 10:03 0:00 0:00
Jesse Ylonen 0 0 0 2 0 4 1 0 0 0 0/0 14:44 0:00 1:28
Joel Kiviranta 2 0 2 2 0 4 1 0 0 0 0/0 14:46 0:10 1:20
Karson Kuhlman 1 0 1 -1 2 3 0 1 1 0 15/30 18:48 1:59 1:14
Kole Lind 0 1 1 1 2 1 2 0 0 0 0/0 18:10 1:40 0:00
Kurtis Gabriel 0 1 1 -1 2 3 2 0 0 1 0/1 18:29 1:59 0:55
Lassi Thomson 0 0 0 -1 0 0 1 0 0 0 0/0 5:30 0:00 0:00
Marcus Karlberg 0 0 0 0 0 0 0 0 0 0 0/0 1:57 0:10 0:00
Nicolas Beaudin 0 0 0 1 0 1 2 4 0 0 0/0 19:39 1:13 1:55
Niko Mikkola 0 1 1 1 0 1 3 4 0 1 0/0 19:39 1:13 1:55
Noah Juulsen 0 2 2 3 0 1 4 1 0 0 0/0 24:48 2:36 2:17
Oskar Lindblom 0 1 1 -1 0 3 3 0 1 1 1/7 25:08 2:09 2:15
Rasmus Sandin 0 0 0 -1 0 0 0 0 0 0 0/0 5:30 0:00 0:00
Ryan Suzuki 0 0 0 0 0 1 2 0 0 0 1/6 6:37 0:00 0:00
Urho Vaakanainen 0 0 0 -1 0 0 1 0 0 1 0/0 10:03 0:00 0:00
Warren Foegele 1 0 1 1 0 2 0 0 0 0 0/0 18:33 1:40 0:23
3 Stars
1 - Joel Kiviranta (Pro)
2 - Noah Juulsen (Pro)
3 - Ben Johnson (Roc)
Power Play
Icehogs - 1 on 3 Attempt(s) - 33.33%
Punishers - 0 on 2 Attempt(s) - 0.00%
Penalty Kill
Icehogs - 2 on 2 Attempt(s) - 100.00%
- Score 0 goal in Penalty Kill
Punishers - 2 on 3 Attempt(s) - 66.67%
- Score 0 goal in Penalty Kill
Team Stat
Icehogs - Hits : 14 - Faceoff Wins : 33 - Blocked Shots : 11 - Penalty Minutes : 4
Punishers - Hits : 28 - Faceoff Wins : 21 - Blocked Shots : 12 - Penalty Minutes : 6
Official
Referees : Wes McCauley and Furman South
Linesman : Bevan Mills and Bryan Pancich
Game Notes
No Game Note
Finance
Level 1 -- Attendance: 1844 (92.20%) -- Ticket Income $129,080
Level 2 -- Attendance: 989 (98.90%) -- Ticket Income $39,560
Total Attendance: 2833 (94.43%)
Total Ticket Income: $168,640
Other Income: $8,432
Total Income: $177,072
Icehogs
5 vs 5 Forward
Center Left Wing Right Wing Time % Phy DF OF
1 Dillon Dube Trevor Zegras Hudson Fasching 40 1 2 2
2 Andrew Poturalski Mikhail Grigorenko Nikita Scherbak 30 1 2 2
3 Ben Johnson Ross Johnston JJ. Piccinich 20 1 2 2
4 Maxim Letunov Gabriel Fortier Mitchell Chaffee 10 1 2 2
5 vs 5 Defense
Defense Defense Time % Phy DF OF
1 Patrick Sieloff Julius Honka 40 1 2 2
2 Jeremy Davies Calle Andersson 30 1 2 2
3 Zach Whitecloud Declan Chisholm 20 1 2 2
4 Patrick Sieloff Julius Honka 10 1 2 2
PowerPlay Forward
Center Left Wing Right Wing Time % Phy DF OF
1 Dillon Dube Mikhail Grigorenko Hudson Fasching 60 1 2 2
2 Andrew Poturalski Trevor Zegras Nikita Scherbak 40 1 2 2
PowerPlay Defense
Defense Defense Time % Phy DF OF
1 Patrick Sieloff Julius Honka 60 1 2 2
2 Jeremy Davies Calle Andersson 40 1 2 2
Penalty Kill 4 Players Forward
Center Wing Time % Phy DF OF
1 Dillon Dube Mikhail Grigorenko 60 1 2 2
2 Andrew Poturalski Trevor Zegras 40 1 2 2
Penalty Kill 4 Players Defense
Defense Defense Time % Phy DF OF
1 Patrick Sieloff Julius Honka 60 1 2 2
2 Jeremy Davies Calle Andersson 40 1 2 2
Penalty Kill - 3 Players Forward
Forward Time % Phy DF OF
1 Dillon Dube 60 1 2 2
2 Andrew Poturalski 40 1 2 2
Penalty Kill - 3 Players Defense
Defense Defense Time % Phy DF OF
1 Patrick Sieloff Julius Honka 60 1 2 2
2 Jeremy Davies Calle Andersson 40 1 2 2
4 vs 4 Forward
Center Wing Time % Phy DF OF
1 Dillon Dube Mikhail Grigorenko 60 1 2 2
2 Andrew Poturalski Trevor Zegras 40 1 2 2
4 vs 4 Defense
Defense Defense Time % Phy DF OF
1 Patrick Sieloff Julius Honka 60 1 2 2
2 Jeremy Davies Calle Andersson 40 1 2 2
Last Minutes Offensive
Center Left Wing Right Wing Defense Defense
Dillon Dube Mikhail Grigorenko Hudson Fasching Patrick Sieloff Julius Honka
Last Minutes Defensive
Center Left Wing Right Wing Defense Defense
Dillon Dube Mikhail Grigorenko Hudson Fasching Patrick Sieloff Julius Honka
Goaltenders
Starting : Mackenzie Blackwood
Backup : Oscar Dansk
Extra Forwards
Normal : Nikita Scherbak, Trevor Zegras, Ben Johnson - PP : Nikita Scherbak, Trevor Zegras - PK : Nikita Scherbak
Extra Defensemen
Normal : Calle Andersson, Zach Whitecloud, Declan Chisholm - PP : Calle Andersson - PK : Calle Andersson, Zach Whitecloud
Penalty Shots
Mikhail Grigorenko, Hudson Fasching, Dillon Dube, Andrew Poturalski, Nikita Scherbak
Custom OT Lines Forwards
Mikhail Grigorenko, Hudson Fasching, Dillon Dube, Andrew Poturalski, Nikita Scherbak, Trevor Zegras, Ben Johnson, Maxim Letunov, Ross Johnston, JJ. Piccinich
Custom OT Lines Defensemen
Patrick Sieloff, Julius Honka, Jeremy Davies, Calle Andersson, Zach Whitecloud
Scratches
Clark Bishop (Healthy), Kristian Reichel (Healthy), Jackson Cates (Healthy), Antoine Morand (Healthy), Nikita Okhotyuk (Healthy)
Egor Afanasyev (Healthy), Petr Kvaca (Healthy)
Punishers
5 vs 5 Forward
Center Left Wing Right Wing Time % Phy DF OF
1 Karson Kuhlman Oskar Lindblom Kurtis Gabriel 40 1 2 2
2 Adam Ruzicka Warren Foegele Kole Lind 30 1 2 2
3 Ben Meyers Joel Kiviranta Jesse Ylonen 20 1 2 2
4 Ryan Suzuki Braden Tracey Oskar Lindblom 10 1 2 2
5 vs 5 Defense
Defense Defense Time % Phy DF OF
1 Noah Juulsen Ben Betker 40 1 2 2
2 Niko Mikkola Nicolas Beaudin 30 1 2 2
3 Urho Vaakanainen Jack Ahcan 20 1 2 2
4 Rasmus Sandin Lassi Thomson 10 1 2 2
PowerPlay Forward
Center Left Wing Right Wing Time % Phy DF OF
1 Karson Kuhlman Oskar Lindblom Kurtis Gabriel 60 1 2 2
2 Adam Ruzicka Warren Foegele Kole Lind 40 1 2 2
PowerPlay Defense
Defense Defense Time % Phy DF OF
1 Noah Juulsen Ben Betker 60 1 2 2
2 Niko Mikkola Nicolas Beaudin 40 1 2 2
Penalty Kill 4 Players Forward
Center Wing Time % Phy DF OF
1 Oskar Lindblom Karson Kuhlman 60 1 2 2
2 Kurtis Gabriel Kole Lind 40 1 2 2
Penalty Kill 4 Players Defense
Defense Defense Time % Phy DF OF
1 Noah Juulsen Ben Betker 60 1 2 2
2 Niko Mikkola Nicolas Beaudin 40 1 2 2
Penalty Kill - 3 Players Forward
Forward Time % Phy DF OF
1 Oskar Lindblom 60 1 2 2
2 Karson Kuhlman 40 1 2 2
Penalty Kill - 3 Players Defense
Defense Defense Time % Phy DF OF
1 Noah Juulsen Ben Betker 60 1 2 2
2 Niko Mikkola Nicolas Beaudin 40 1 2 2
4 vs 4 Forward
Center Wing Time % Phy DF OF
1 Oskar Lindblom Karson Kuhlman 60 1 2 2
2 Kurtis Gabriel Kole Lind 40 1 2 2
4 vs 4 Defense
Defense Defense Time % Phy DF OF
1 Noah Juulsen Ben Betker 60 1 2 2
2 Niko Mikkola Nicolas Beaudin 40 1 2 2
Last Minutes Offensive
Center Left Wing Right Wing Defense Defense
Karson Kuhlman Oskar Lindblom Kurtis Gabriel Noah Juulsen Ben Betker
Last Minutes Defensive
Center Left Wing Right Wing Defense Defense
Karson Kuhlman Oskar Lindblom Kurtis Gabriel Noah Juulsen Ben Betker
Goaltenders
Starting : Antoine Bibeau
Backup : Cal Petersen
Extra Forwards
Normal : Marcus Karlberg, Joel Kiviranta, Jesse Ylonen - PP : Marcus Karlberg, Joel Kiviranta - PK : Jesse Ylonen
Extra Defensemen
Normal : Urho Vaakanainen, Jack Ahcan, Rasmus Sandin - PP : Urho Vaakanainen - PK : Jack Ahcan, Rasmus Sandin
Penalty Shots
Oskar Lindblom, Karson Kuhlman, Kurtis Gabriel, Kole Lind, Warren Foegele
Custom OT Lines Forwards
Oskar Lindblom, Karson Kuhlman, Kurtis Gabriel, Kole Lind, Warren Foegele, Adam Ruzicka, Joel Kiviranta, Jesse Ylonen, Ben Meyers, Braden Tracey
Custom OT Lines Defensemen
Noah Juulsen, Ben Betker, Niko Mikkola, Nicolas Beaudin, Urho Vaakanainen
Scratches
Daniel Audette (Healthy), Carson Meyer (Right Knee Injury), Jack LaFontaine (Healthy), Carter Gylander (Healthy)
% Time on Ice - Icehogs
Lines # - Real PCT - Wanted PCT - Time Play
Normal Forward
1 - 36% - 40% - 18:31
2 - 27% - 30% - 13:51
3 - 20% - 20% - 10:39
4 - 17% - 10% - 8:58
Normal Defense
1 - 39% - 40% - 20:07
2 - 32% - 30% - 16:32
3 - 21% - 20% - 11:10
4 - 8% - 10% - 4:10
PP Forward
1 - 56% - 60% - 2:21
2 - 44% - 40% - 1:51
PP Defense
1 - 54% - 60% - 2:15
2 - 46% - 40% - 1:57
PK Forward
1 - 86% - 60% - 3:16
2 - 14% - 40% - 0:33
PK Defense
1 - 70% - 60% - 2:40
2 - 30% - 40% - 1:09
PK3 Forward
1 - 0% - 60%
2 - 0% - 40%
PK3 Defense
1 - 0% - 60%
2 - 0% - 40%
44 Forward
1 - 0% - 60%
2 - 0% - 40%
44 Defense
1 - 0% - 60%
2 - 0% - 40%
Last Minute Offensive - 0:00
Last Minute Defensive - 0:00
Total
Forward - 60:00
Defense - 60:00
|
% Time on Ice - Punishers
Lines # - Real PCT - Wanted PCT - Time Play
Normal Forward
1 - 30% - 40% - 15:37
2 - 32% - 30% - 16:30
3 - 25% - 20% - 13:15
4 - 13% - 10% - 6:37
Normal Defense
1 - 38% - 40% - 19:55
2 - 32% - 30% - 16:31
3 - 19% - 20% - 10:03
4 - 11% - 10% - 5:30
PP Forward
1 - 56% - 60% - 2:09
2 - 44% - 40% - 1:40
PP Defense
1 - 68% - 60% - 2:36
2 - 32% - 40% - 1:13
PK Forward
1 - 78% - 60% - 3:17
2 - 22% - 40% - 0:55
PK Defense
1 - 54% - 60% - 2:17
2 - 46% - 40% - 1:55
PK3 Forward
1 - 0% - 60%
2 - 0% - 40%
PK3 Defense
1 - 0% - 60%
2 - 0% - 40%
44 Forward
1 - 0% - 60%
2 - 0% - 40%
44 Defense
1 - 0% - 60%
2 - 0% - 40%
Last Minute Offensive - 0:00
Last Minute Defensive - 0:00
Total
Forward - 60:00
Defense - 60:00
|
Play-by-Play
1st period
0:01 of 1st period - Karson Kuhlman wins face-off versus Dillon Dube in neutral zone.
0:47 of 1st period - Slapshot by Julius Honka.
0:47 of 1st period - Shot Blocked by Nicolas Beaudin.
0:49 of 1st period - Slapshot by Julius Honka.
0:49 of 1st period - Stopped by Antoine Bibeau without a rebound.
0:50 of 1st period - Ben Johnson wins face-off versus Ryan Suzuki in Punishers zone.
1:05 of 1st period - JJ. Piccinich is hit by Ryan Suzuki and loses puck.
1:47 of 1st period - Off-side.
1:48 of 1st period - Karson Kuhlman wins face-off versus Andrew Poturalski in neutral zone.
2:21 of 1st period - Hudson Fasching is hit by Niko Mikkola and loses puck.
3:15 of 1st period - Slapshot by Julius Honka.
3:15 of 1st period - Shot Blocked by Noah Juulsen.
3:17 of 1st period - Slapshot by Mikhail Grigorenko.
3:17 of 1st period - Shot Misses the Net.
3:19 of 1st period - Snap shot by Julius Honka.
3:19 of 1st period - Shot Hit the Post.
3:21 of 1st period - Wrist shot by Andrew Poturalski.
3:21 of 1st period - Stopped by Antoine Bibeau with a rebound.
3:35 of 1st period - Wrist shot by Oskar Lindblom.
3:35 of 1st period - Shot Misses the Net.
3:37 of 1st period - Snap shot by Oskar Lindblom.
3:37 of 1st period - Stopped by Mackenzie Blackwood without a rebound.
3:38 of 1st period - Dillon Dube wins face-off versus Karson Kuhlman in Icehogs zone.
3:38 of 1st period - Dillon Dube is hit by Jack Ahcan.
3:46 of 1st period - Wrist shot by Trevor Zegras.
3:46 of 1st period - Shot Misses the Net.
4:02 of 1st period - Snap shot by Trevor Zegras.
4:02 of 1st period - Stopped by Antoine Bibeau without a rebound.
4:03 of 1st period - Mikhail Grigorenko wins face-off versus Ben Meyers in Punishers zone.
4:19 of 1st period - Off-side.
4:20 of 1st period - Dillon Dube wins face-off versus Karson Kuhlman in neutral zone.
4:47 of 1st period - Noah Juulsen is hit by JJ. Piccinich and loses puck.
5:37 of 1st period - Maxim Letunov is hit by Nicolas Beaudin and loses puck.
6:19 of 1st period - Slapshot by Noah Juulsen.
6:19 of 1st period - Deflect By Jesse Ylonen.
6:19 of 1st period - Shot Blocked by Zach Whitecloud.
6:19 of 1st period - Puck is out of play.
6:20 of 1st period - Ben Meyers wins face-off versus Andrew Poturalski in Icehogs zone.
6:25 of 1st period - Wrist shot by Jesse Ylonen.
6:25 of 1st period - Shot Misses the Net.
6:45 of 1st period - Trevor Zegras is hit by Lassi Thomson and loses puck.
6:54 of 1st period - Snap shot by Karson Kuhlman.
6:54 of 1st period - Shot Misses the Net.
7:50 of 1st period - Backhand shot by Mikhail Grigorenko.
7:50 of 1st period - Stopped by Antoine Bibeau with a rebound.
8:20 of 1st period - Wrist shot by Maxim Letunov.
8:20 of 1st period - Shot Misses the Net.
8:22 of 1st period - Slapshot by Mitchell Chaffee.
8:22 of 1st period - Stopped by Antoine Bibeau with a rebound.
8:28 of 1st period - Slapshot by Gabriel Fortier.
8:28 of 1st period - Stopped by Antoine Bibeau with a rebound.
8:30 of 1st period - Wrist shot by Jeremy Davies.
8:30 of 1st period - Shot Blocked by Ben Betker.
10:07 of 1st period - Joel Kiviranta is hit by Mikhail Grigorenko and loses puck.
10:51 of 1st period - Wrist shot by Maxim Letunov.
10:51 of 1st period - Stopped by Antoine Bibeau without a rebound.
10:52 of 1st period - Karson Kuhlman wins face-off versus Ben Johnson in Punishers zone.
10:57 of 1st period - Slapshot by Karson Kuhlman.
10:57 of 1st period - Stopped by Mackenzie Blackwood without a rebound.
10:58 of 1st period - Adam Ruzicka wins face-off versus Dillon Dube in Icehogs zone.
11:22 of 1st period - Icing by Zach Whitecloud.
11:23 of 1st period - Andrew Poturalski wins face-off versus Karson Kuhlman in Icehogs zone.
11:48 of 1st period - Hudson Fasching is hit by Noah Juulsen and loses puck.
12:44 of 1st period - Slapshot by Mikhail Grigorenko.
12:44 of 1st period - Deflect By Nikita Scherbak.
12:44 of 1st period - Shot Misses the Net.
12:44 of 1st period - Puck is out of play.
12:45 of 1st period - Andrew Poturalski wins face-off versus Adam Ruzicka in Punishers zone.
12:46 of 1st period - Slapshot by Mikhail Grigorenko.
12:46 of 1st period - Shot Misses the Net.
13:45 of 1st period - Noah Juulsen is hit by Patrick Sieloff and loses puck.
13:58 of 1st period - Slapshot by Adam Ruzicka.
13:58 of 1st period - Shot Misses the Net.
14:00 of 1st period - Slapshot by Noah Juulsen.
14:00 of 1st period - Shot Misses the Net.
14:02 of 1st period - Slapshot by Noah Juulsen.
14:02 of 1st period - Shot Misses the Net.
14:04 of 1st period - Backhand shot by Noah Juulsen.
14:04 of 1st period - Stopped by Mackenzie Blackwood with a rebound.
14:18 of 1st period - Wrist shot by Ryan Suzuki.
14:18 of 1st period - Stopped by Mackenzie Blackwood with a rebound.
14:20 of 1st period - Snap shot by Oskar Lindblom.
14:20 of 1st period - Shot Misses the Net.
14:22 of 1st period - Slapshot by Urho Vaakanainen.
14:22 of 1st period - Shot Hit the Post.
14:24 of 1st period - Slapshot by Urho Vaakanainen.
14:24 of 1st period - Deflect By Braden Tracey.
14:24 of 1st period - Shot Misses the Net.
14:24 of 1st period - Puck is out of play.
14:25 of 1st period - Karson Kuhlman wins face-off versus Dillon Dube in Icehogs zone.
14:34 of 1st period - Dillon Dube is hit by Kurtis Gabriel and loses puck.
14:39 of 1st period - Snap shot by Karson Kuhlman.
14:39 of 1st period - Shot Misses the Net.
14:49 of 1st period - Trevor Zegras is hit by Joel Kiviranta and loses puck.
15:05 of 1st period - Wrist shot by Trevor Zegras.
15:05 of 1st period - Stopped by Antoine Bibeau with a rebound.
15:07 of 1st period - Wrist shot by Hudson Fasching.
15:07 of 1st period - Stopped by Antoine Bibeau without a rebound.
15:08 of 1st period - Andrew Poturalski wins face-off versus Karson Kuhlman in Punishers zone.
15:21 of 1st period - Snap shot by Oskar Lindblom.
15:21 of 1st period - Shot Misses the Net.
15:23 of 1st period - Slapshot by Karson Kuhlman.
15:23 of 1st period - Goal by Karson Kuhlman - Icehogs : 0 - Punishers : 1.
15:24 of 1st period - Karson Kuhlman wins face-off versus Dillon Dube in neutral zone.
15:49 of 1st period - Julius Honka is hit by Adam Ruzicka and loses puck.
15:58 of 1st period - Snap shot by Adam Ruzicka.
15:58 of 1st period - Stopped by Mackenzie Blackwood without a rebound.
15:59 of 1st period - Dillon Dube wins face-off versus Karson Kuhlman in Icehogs zone.
16:06 of 1st period - Slapshot by Kurtis Gabriel.
16:06 of 1st period - Stopped by Mackenzie Blackwood without a rebound.
16:07 of 1st period - Oskar Lindblom wins face-off versus Dillon Dube in Icehogs zone.
16:41 of 1st period - Patrick Sieloff is hit by Jesse Ylonen and loses puck.
16:52 of 1st period - Noah Juulsen is hit by Julius Honka and loses puck.
17:09 of 1st period - Icing by Hudson Fasching.
17:10 of 1st period - Dillon Dube wins face-off versus Ryan Suzuki in Icehogs zone.
17:19 of 1st period - Wrist shot by Andrew Poturalski.
17:19 of 1st period - Deflect By Nikita Scherbak.
17:19 of 1st period - Stopped by Antoine Bibeau with a rebound.
17:21 of 1st period - Snap shot by Mikhail Grigorenko.
17:21 of 1st period - Shot Misses the Net.
17:23 of 1st period - Wrist shot by Mikhail Grigorenko.
17:23 of 1st period - Stopped by Antoine Bibeau with a rebound.
17:25 of 1st period - Wrist shot by Andrew Poturalski.
17:25 of 1st period - Stopped by Antoine Bibeau without a rebound.
17:26 of 1st period - Ben Johnson wins face-off versus Karson Kuhlman in Punishers zone.
17:37 of 1st period - Karson Kuhlman is hit by Ross Johnston and loses puck.
17:42 of 1st period - Snap shot by Ben Johnson.
17:42 of 1st period - Stopped by Antoine Bibeau without a rebound.
17:43 of 1st period - Andrew Poturalski wins face-off versus Adam Ruzicka in Punishers zone.
17:44 of 1st period - Slapshot by Mikhail Grigorenko.
17:44 of 1st period - Stopped by Antoine Bibeau with a rebound.
17:56 of 1st period - Wrist shot by Kole Lind.
17:56 of 1st period - Stopped by Mackenzie Blackwood without a rebound.
17:57 of 1st period - Karson Kuhlman wins face-off versus Dillon Dube in Icehogs zone.
18:08 of 1st period - Karson Kuhlman is hit by Julius Honka and loses puck.
18:33 of 1st period - Slapshot by Nikita Scherbak.
18:33 of 1st period - Stopped by Antoine Bibeau without a rebound.
18:34 of 1st period - Karson Kuhlman wins face-off versus Dillon Dube in Punishers zone.
19:00 of 1st period - Jeremy Davies is hit by Niko Mikkola and loses puck.
19:11 of 1st period - Snap shot by Kole Lind.
19:11 of 1st period - Shot Misses the Net.
19:25 of 1st period - Snap shot by Jesse Ylonen.
19:25 of 1st period - Stopped by Mackenzie Blackwood with a rebound.
19:40 of 1st period - Off-side.
19:41 of 1st period - Ryan Suzuki wins face-off versus Maxim Letunov in neutral zone.
Goals for this period are 0 for Icehogs vs 1 for Punishers.
Shots for this period are 15 for Icehogs vs 9 for Punishers.
2nd period
0:01 of 2nd period - Dillon Dube wins face-off versus Karson Kuhlman in neutral zone.
0:12 of 2nd period - Slapshot by Kurtis Gabriel.
0:12 of 2nd period - Stopped by Mackenzie Blackwood with a rebound.
0:14 of 2nd period - Wrist shot by Karson Kuhlman.
0:14 of 2nd period - Shot Misses the Net.
0:16 of 2nd period - Snap shot by Karson Kuhlman.
0:16 of 2nd period - Shot Blocked by Trevor Zegras.
0:53 of 2nd period - Snap shot by Trevor Zegras.
0:53 of 2nd period - Shot Blocked by Niko Mikkola.
0:55 of 2nd period - Wrist shot by Trevor Zegras.
0:55 of 2nd period - Shot Misses the Net.
0:57 of 2nd period - Wrist shot by Hudson Fasching.
0:57 of 2nd period - Shot Hit the Post.
0:59 of 2nd period - Wrist shot by Hudson Fasching.
0:59 of 2nd period - Stopped by Antoine Bibeau without a rebound.
1:00 of 2nd period - Karson Kuhlman wins face-off versus Andrew Poturalski in Punishers zone.
1:26 of 2nd period - JJ. Piccinich is hit by Adam Ruzicka and loses puck.
2:01 of 2nd period - Backhand shot by Maxim Letunov.
2:01 of 2nd period - Stopped by Antoine Bibeau with a rebound.
2:17 of 2nd period - Wrist shot by Ryan Suzuki.
2:17 of 2nd period - Shot Misses the Net.
2:19 of 2nd period - Wrist shot by Oskar Lindblom.
2:19 of 2nd period - Stopped by Mackenzie Blackwood with a rebound.
2:47 of 2nd period - Snap shot by Kole Lind.
2:47 of 2nd period - Shot Misses the Net.
3:43 of 2nd period - Off-side.
3:44 of 2nd period - Adam Ruzicka wins face-off versus Maxim Letunov in neutral zone.
3:46 of 2nd period - Noah Juulsen is hit by Mitchell Chaffee and loses puck.
3:59 of 2nd period - Backhand shot by Adam Ruzicka.
3:59 of 2nd period - Deflect By Warren Foegele.
3:59 of 2nd period - Stopped by Mackenzie Blackwood without a rebound.
4:00 of 2nd period - Andrew Poturalski wins face-off versus Karson Kuhlman in Icehogs zone.
5:00 of 2nd period - Snap shot by Joel Kiviranta.
5:00 of 2nd period - Stopped by Mackenzie Blackwood with a rebound.
5:02 of 2nd period - Snap shot by Joel Kiviranta.
5:02 of 2nd period - Shot Misses the Net.
5:14 of 2nd period - Snap shot by Maxim Letunov.
5:14 of 2nd period - Shot Blocked by Niko Mikkola.
6:08 of 2nd period - Wrist shot by Ben Johnson.
6:08 of 2nd period - Shot Misses the Net.
6:10 of 2nd period - Slapshot by Patrick Sieloff.
6:10 of 2nd period - Deflect By Ben Johnson.
6:10 of 2nd period - Goal by Ben Johnson - Icehogs : 1 - Punishers : 1.
6:11 of 2nd period - Dillon Dube wins face-off versus Karson Kuhlman in neutral zone.
6:23 of 2nd period - Minor Penalty to Karson Kuhlman for Delaying the game.
6:24 of 2nd period - Dillon Dube wins face-off versus Oskar Lindblom in Punishers zone.
8:04 of 2nd period - Julius Honka is hit by Adam Ruzicka and loses puck.
8:23 of 2nd period - Penalty to Karson Kuhlman is over, Karson Kuhlman is back on ice.
8:33 of 2nd period - Snap shot by Ben Johnson.
8:33 of 2nd period - Stopped by Antoine Bibeau without a rebound.
8:34 of 2nd period - Ben Johnson wins face-off versus Karson Kuhlman in Punishers zone.
8:37 of 2nd period - Snap shot by JJ. Piccinich.
8:37 of 2nd period - Goal by JJ. Piccinich - Icehogs : 2 - Punishers : 1.
8:38 of 2nd period - Karson Kuhlman wins face-off versus Dillon Dube in neutral zone.
8:51 of 2nd period - Snap shot by Karson Kuhlman.
8:51 of 2nd period - Stopped by Mackenzie Blackwood with a rebound.
9:05 of 2nd period - Kole Lind is hit by Julius Honka and loses puck.
9:12 of 2nd period - Wrist shot by Mikhail Grigorenko.
9:12 of 2nd period - Shot Blocked by Adam Ruzicka.
9:17 of 2nd period - Minor Penalty to Kole Lind for High sticking.
9:18 of 2nd period - Mikhail Grigorenko wins face-off versus Oskar Lindblom in Punishers zone.
9:53 of 2nd period - Wrist shot by Kurtis Gabriel.
9:53 of 2nd period - Shot Blocked by Jeremy Davies.
10:43 of 2nd period - Trevor Zegras is hit by Noah Juulsen and loses puck.
11:17 of 2nd period - Penalty to Kole Lind is over, Kole Lind is back on ice.
11:44 of 2nd period - Zach Whitecloud is hit by Oskar Lindblom and loses puck.
12:49 of 2nd period - Jeremy Davies is hit by Kole Lind and loses puck.
13:46 of 2nd period - Snap shot by Joel Kiviranta.
13:46 of 2nd period - Goal by Joel Kiviranta - Icehogs : 2 - Punishers : 2.
13:47 of 2nd period - Adam Ruzicka wins face-off versus Dillon Dube in neutral zone.
13:59 of 2nd period - Snap shot by Hudson Fasching.
13:59 of 2nd period - Shot Blocked by Nicolas Beaudin.
14:01 of 2nd period - Snap shot by Dillon Dube.
14:01 of 2nd period - Stopped by Antoine Bibeau without a rebound.
14:02 of 2nd period - Andrew Poturalski wins face-off versus Karson Kuhlman in Punishers zone.
14:36 of 2nd period - Wrist shot by Warren Foegele.
14:36 of 2nd period - Shot Misses the Net.
14:46 of 2nd period - Snap shot by Jesse Ylonen.
14:46 of 2nd period - Stopped by Mackenzie Blackwood with a rebound.
14:48 of 2nd period - Snap shot by Nicolas Beaudin.
14:48 of 2nd period - Stopped by Mackenzie Blackwood with a rebound.
14:50 of 2nd period - Slapshot by Jesse Ylonen.
14:50 of 2nd period - Stopped by Mackenzie Blackwood with a rebound.
15:06 of 2nd period - Slapshot by Patrick Sieloff.
15:06 of 2nd period - Deflect By Maxim Letunov.
15:06 of 2nd period - Deflect By Jack Ahcan.
15:06 of 2nd period - Stopped by Antoine Bibeau without a rebound.
15:07 of 2nd period - Maxim Letunov wins face-off versus Ryan Suzuki in Punishers zone.
16:19 of 2nd period - Slapshot by Ross Johnston.
16:19 of 2nd period - Shot Blocked by Nicolas Beaudin.
16:21 of 2nd period - Slapshot by Declan Chisholm.
16:21 of 2nd period - Deflect By Ross Johnston.
16:21 of 2nd period - Stopped by Antoine Bibeau without a rebound.
16:22 of 2nd period - Dillon Dube wins face-off versus Adam Ruzicka in Punishers zone.
16:47 of 2nd period - Snap shot by Oskar Lindblom.
16:47 of 2nd period - Deflect By Nikita Scherbak.
16:47 of 2nd period - Shot Misses the Net.
16:47 of 2nd period - Puck is out of play.
16:48 of 2nd period - Mikhail Grigorenko wins face-off versus Karson Kuhlman in Icehogs zone.
16:48 of 2nd period - Mikhail Grigorenko is hit by Noah Juulsen.
17:37 of 2nd period - Patrick Sieloff is hit by Niko Mikkola and loses puck.
17:58 of 2nd period - Julius Honka is hit by Ryan Suzuki and loses puck.
18:53 of 2nd period - Snap shot by Warren Foegele.
18:53 of 2nd period - Shot Blocked by Ben Johnson.
19:29 of 2nd period - Declan Chisholm is hit by Kole Lind and loses puck.
19:38 of 2nd period - Slapshot by Trevor Zegras.
19:38 of 2nd period - Deflect By Hudson Fasching.
19:38 of 2nd period - Shot Blocked by Nicolas Beaudin.
19:38 of 2nd period - Puck is out of play.
19:39 of 2nd period - Andrew Poturalski wins face-off versus Ryan Suzuki in Punishers zone.
19:42 of 2nd period - Snap shot by Andrew Poturalski.
19:42 of 2nd period - Shot Misses the Net.
Goals for this period are 2 for Icehogs vs 1 for Punishers.
Shots for this period are 8 for Icehogs vs 9 for Punishers.
3rd period
0:01 of 3rd period - Dillon Dube wins face-off versus Kurtis Gabriel in neutral zone.
0:04 of 3rd period - Ben Betker is hit by Dillon Dube and loses puck.
0:29 of 3rd period - Wrist shot by Trevor Zegras.
0:29 of 3rd period - Shot Blocked by Niko Mikkola.
0:31 of 3rd period - Snap shot by Dillon Dube.
0:31 of 3rd period - Stopped by Antoine Bibeau with a rebound.
0:33 of 3rd period - Slapshot by Julius Honka.
0:33 of 3rd period - Shot Misses the Net.
0:35 of 3rd period - Snap shot by Trevor Zegras.
0:35 of 3rd period - Shot Misses the Net.
0:49 of 3rd period - Slapshot by Hudson Fasching.
0:49 of 3rd period - Stopped by Antoine Bibeau without a rebound.
0:50 of 3rd period - Karson Kuhlman wins face-off versus Andrew Poturalski in Punishers zone.
0:50 of 3rd period - Karson Kuhlman is hit by Nikita Scherbak.
1:07 of 3rd period - Andrew Poturalski is hit by Oskar Lindblom and loses puck.
2:08 of 3rd period - Snap shot by Ryan Suzuki.
2:08 of 3rd period - Deflect By Braden Tracey.
2:08 of 3rd period - Shot Blocked by Jeremy Davies.
2:08 of 3rd period - Puck is out of play.
2:09 of 3rd period - Dillon Dube wins face-off versus Karson Kuhlman in Icehogs zone.
2:09 of 3rd period - Dillon Dube is hit by Oskar Lindblom.
2:15 of 3rd period - Slapshot by Julius Honka.
2:15 of 3rd period - Stopped by Antoine Bibeau with a rebound.
2:17 of 3rd period - Minor Penalty to Kurtis Gabriel for Delaying the game.
2:18 of 3rd period - Dillon Dube wins face-off versus Oskar Lindblom in Punishers zone.
2:21 of 3rd period - Wrist shot by Hudson Fasching.
2:21 of 3rd period - Shot Misses the Net.
2:23 of 3rd period - Snap shot by Hudson Fasching.
2:23 of 3rd period - Shot Misses the Net.
2:25 of 3rd period - Snap shot by Mikhail Grigorenko.
2:25 of 3rd period - Stopped by Antoine Bibeau without a rebound.
2:26 of 3rd period - Dillon Dube wins face-off versus Oskar Lindblom in Punishers zone.
2:31 of 3rd period - Snap shot by Dillon Dube.
2:31 of 3rd period - Goal by Dillon Dube - Icehogs : 3 - Punishers : 2.
2:32 of 3rd period - Dillon Dube wins face-off versus Karson Kuhlman in neutral zone.
2:45 of 3rd period - Wrist shot by Trevor Zegras.
2:45 of 3rd period - Shot Misses the Net.
2:47 of 3rd period - Backhand shot by Julius Honka.
2:47 of 3rd period - Shot Misses the Net.
2:57 of 3rd period - Mikhail Grigorenko is hit by Ben Betker and loses puck.
3:20 of 3rd period - Snap shot by Jesse Ylonen.
3:20 of 3rd period - Shot Misses the Net.
3:40 of 3rd period - Off-side.
3:41 of 3rd period - Dillon Dube wins face-off versus Ryan Suzuki in neutral zone.
3:43 of 3rd period - Off-side.
3:44 of 3rd period - Karson Kuhlman wins face-off versus Dillon Dube in neutral zone.
3:53 of 3rd period - Snap shot by Dillon Dube.
3:53 of 3rd period - Stopped by Antoine Bibeau without a rebound.
3:54 of 3rd period - Dillon Dube wins face-off versus Oskar Lindblom in Punishers zone.
4:19 of 3rd period - Nikita Scherbak is hit by Noah Juulsen and loses puck.
4:42 of 3rd period - Wrist shot by Gabriel Fortier.
4:42 of 3rd period - Shot Misses the Net.
4:52 of 3rd period - Slapshot by Joel Kiviranta.
4:52 of 3rd period - Goal by Joel Kiviranta - Icehogs : 3 - Punishers : 3.
4:53 of 3rd period - Dillon Dube wins face-off versus Oskar Lindblom in neutral zone.
5:06 of 3rd period - Slapshot by Patrick Sieloff.
5:06 of 3rd period - Shot Blocked by Karson Kuhlman.
5:08 of 3rd period - Backhand shot by Patrick Sieloff.
5:08 of 3rd period - Deflect By Nicolas Beaudin.
5:08 of 3rd period - Stopped by Antoine Bibeau with a rebound.
5:39 of 3rd period - Jeremy Davies is hit by Nicolas Beaudin and loses puck.
6:02 of 3rd period - Slapshot by Jeremy Davies.
6:02 of 3rd period - Stopped by Antoine Bibeau with a rebound.
6:41 of 3rd period - Ben Meyers is hit by Mikhail Grigorenko.
6:45 of 3rd period - Ben Meyers is hit by Mikhail Grigorenko and loses puck.
7:06 of 3rd period - Snap shot by Ben Johnson.
7:06 of 3rd period - Stopped by Antoine Bibeau without a rebound.
7:07 of 3rd period - Hudson Fasching wins face-off versus Adam Ruzicka in Punishers zone.
7:59 of 3rd period - Slapshot by Jesse Ylonen.
7:59 of 3rd period - Shot Misses the Net.
8:38 of 3rd period - Slapshot by Hudson Fasching.
8:38 of 3rd period - Shot Blocked by Niko Mikkola.
8:40 of 3rd period - Wrist shot by Patrick Sieloff.
8:40 of 3rd period - Stopped by Antoine Bibeau with a rebound.
8:52 of 3rd period - Wrist shot by Joel Kiviranta.
8:52 of 3rd period - Stopped by Mackenzie Blackwood with a rebound.
8:54 of 3rd period - Wrist shot by Jesse Ylonen.
8:54 of 3rd period - Shot Misses the Net.
8:56 of 3rd period - Slapshot by Niko Mikkola.
8:56 of 3rd period - Stopped by Mackenzie Blackwood without a rebound.
8:57 of 3rd period - Dillon Dube wins face-off versus Adam Ruzicka in Icehogs zone.
9:28 of 3rd period - Slapshot by Noah Juulsen.
9:28 of 3rd period - Shot Misses the Net.
9:30 of 3rd period - Snap shot by Adam Ruzicka.
9:30 of 3rd period - Stopped by Mackenzie Blackwood with a rebound.
9:32 of 3rd period - Snap shot by Adam Ruzicka.
9:32 of 3rd period - Stopped by Mackenzie Blackwood with a rebound.
9:40 of 3rd period - Snap shot by Warren Foegele.
9:40 of 3rd period - Goal by Warren Foegele - Icehogs : 3 - Punishers : 4.
9:41 of 3rd period - Karson Kuhlman wins face-off versus Dillon Dube in neutral zone.
9:47 of 3rd period - Minor Penalty to Patrick Sieloff for Hooking.
9:48 of 3rd period - Dillon Dube wins face-off versus Karson Kuhlman in Icehogs zone.
10:07 of 3rd period - Oskar Lindblom is hit by Dillon Dube and loses puck.
11:47 of 3rd period - Penalty to Patrick Sieloff is over, Patrick Sieloff is back on ice.
11:51 of 3rd period - Ross Johnston is hit by Ben Meyers and loses puck.
11:56 of 3rd period - Slapshot by Joel Kiviranta.
11:56 of 3rd period - Shot Blocked by Declan Chisholm.
12:18 of 3rd period - Ross Johnston is hit by Urho Vaakanainen and loses puck.
12:29 of 3rd period - Snap shot by Jesse Ylonen.
12:29 of 3rd period - Shot Misses the Net.
14:54 of 3rd period - Wrist shot by Warren Foegele.
14:54 of 3rd period - Shot Blocked by Julius Honka.
15:46 of 3rd period - Snap shot by JJ. Piccinich.
15:46 of 3rd period - Stopped by Antoine Bibeau with a rebound.
15:48 of 3rd period - Wrist shot by Ross Johnston.
15:48 of 3rd period - Shot Misses the Net.
15:50 of 3rd period - Slapshot by Ross Johnston.
15:50 of 3rd period - Shot Hit the Post.
16:10 of 3rd period - Slapshot by Jesse Ylonen.
16:10 of 3rd period - Stopped by Mackenzie Blackwood without a rebound.
16:11 of 3rd period - Karson Kuhlman wins face-off versus Dillon Dube in Icehogs zone.
16:14 of 3rd period - Slapshot by Kurtis Gabriel.
16:14 of 3rd period - Stopped by Mackenzie Blackwood without a rebound.
16:15 of 3rd period - Karson Kuhlman wins face-off versus Dillon Dube in Icehogs zone.
17:19 of 3rd period - Jesse Ylonen is hit by Hudson Fasching and loses puck.
18:09 of 3rd period - Minor Penalty to Mitchell Chaffee for High sticking.
18:10 of 3rd period - Karson Kuhlman wins face-off versus Dillon Dube in Icehogs zone.
18:16 of 3rd period - Wrist shot by Karson Kuhlman.
18:16 of 3rd period - Shot Blocked by Patrick Sieloff.
18:18 of 3rd period - Snap shot by Oskar Lindblom.
18:18 of 3rd period - Stopped by Mackenzie Blackwood with a rebound.
18:20 of 3rd period - Snap shot by Karson Kuhlman.
18:20 of 3rd period - Shot Blocked by Patrick Sieloff.
18:40 of 3rd period - Snap shot by Warren Foegele.
18:40 of 3rd period - Shot Blocked by Patrick Sieloff.
18:42 of 3rd period - Snap shot by Ben Betker.
18:42 of 3rd period - Shot Misses the Net.
18:44 of 3rd period - Wrist shot by Noah Juulsen.
18:44 of 3rd period - Shot Blocked by Patrick Sieloff.
18:46 of 3rd period - Snap shot by Kole Lind.
18:46 of 3rd period - Shot Misses the Net.
19:06 of 3rd period - Jeremy Davies is hit by Kurtis Gabriel and loses puck.
Goals for this period are 1 for Icehogs vs 2 for Punishers.
Shots for this period are 11 for Icehogs vs 9 for Punishers.